 Dungeon Crawl Stone Soup version 0.29.0-4-gdea44cf6ec (webtiles) character file.

Game seed: 5348948593056518434

25 qw the Chopper (level 3, 0/21 HPs)
             Began as a Tengu Warper on Aug 28, 2022.
             Succumbed to their own poison gas
             ... on level 1 of the Dungeon.
             The game lasted 00:00:04 (724 turns).

qw the Chopper (Tengu Warper)                        Turns: 724, Time: 00:00:04

Health: 0/21       AC:  3    Str: 13    XL:     3   Next: 4%
Magic:  7/7        EV: 12    Int: 13    God:
Gold:   47         SH:  0    Dex: 13    Spells: 6/6 levels left

rFire   . . .      SeeInvis .   Y - +0 hand axe
rCold   . . .      Faith    .   (no shield)
rNeg    . . .      Spirit   .   b - +0 leather armour
rPois   .          Reflect  .   (helmet restricted)
rElec   .          Harm     .   (no cloak)
rCorr   .          Rampage  .   (no gloves)
Will    .....                   (boots unavailable)
Stlth   +.........              (no amulet)
HPRegen 0.07/turn               (no ring)
MPRegen 0.10/turn               (no ring)

@: lethally poisoned (0 -> -10)
A: beak, talons 3
a: no special abilities


You were on level 1 of the Dungeon.
You visited 1 branch of the dungeon, and saw 1 of its levels.

You collected 47 gold pieces.


Innate Abilities, Weirdness & Mutations

You have a beak for a mouth.
You have claws for feet.


   Skills:
 - Level 2.0 Fighting
 + Level 3.8 Axes
 - Level 1.0 Throwing
 - Level 1.1 Armour
 - Level 2.1 Dodging
 - Level 2.0 Spellcasting
 - Level 2.4 Translocations


You had 6 spell levels left.
You didn't know any spells.
Your spell library contained the following spells:

 Spells                   Type           Power      Damage    Failure   Level
 Blink                    Tloc           14%        N/A       19%         2
 Gell's Gravitas          Tloc           7%         N/A       36%         3
 Lesser Beckoning         Tloc           7%         N/A       36%         3
 Teleport Other           Tloc           7%         N/A       36%         3
 Manifold Assault         Tloc           7%         N/A       98%         5

Inventory:

Hand Weapons
 g - a +0 mace
 Y - a +0 hand axe (weapon)
Armour
 b - a +0 leather armour (worn)
Scrolls
 h - a scroll of identify
Potions
 d - a potion of curing {unknown}
 e - a potion of mutation {unknown}
 i - a potion of ambrosia {unknown}
 j - a potion of flight {unknown}

Dungeon Overview and Level Annotations

Branches:
Dungeon (1/15)

Altars:


Message History

You see here a +0 dagger.
There is a stone staircase leading down here.
You see here a +0 dagger.
There is a stone staircase leading down here.
Done exploring.
Enter note: Done exploring.
717 ||| READING scroll labelled XIBECI LENYL.
As you read the scroll labelled XIBECI LENYL, it crumbles to dust.
It is a scroll of amnesia.
You feel forgetful for a moment.
Done exploring.
718 ||| READING 2 scrolls labelled XAWOUPL RING.
As you read the scroll labelled XAWOUPL RING, it crumbles to dust.
It is a scroll of identify.
Really abort (and waste the scroll)?
Done exploring.
719 ||| READING scroll labelled PYSYMORR TION.
The air fills with toxic fumes!
As you read the scroll labelled PYSYMORR TION, it crumbles to dust.
It was a scroll of poison.
Done exploring.
720 ||| DROPPING scroll of blinking.
You drop a scroll of blinking.
Done exploring.
(D) Dungeon
Where to? (* - list waypoints, ? - help)
What level of the Dungeon? (default 1, ? - help) Sorry, I don't know how to get there.
Done exploring.
721 ||| Stepping randomly (stuck).
Really walk into that cloud of poison gas?
You are engulfed in poison gas.
You are lethally poisoned!
You feel very sick.
722 ||| Stepping ~*~*~tactically~*~*~ (cloud).
You feel very sick.
You see here a scroll of blinking.
There is a lethal amount of poison in your body!
You feel very sick.
There is a lethal amount of poison in your body!
You die...

######### ##¤¤¤....##
#0¤#####..#######
##¤## ##........
#######@¤# #########
#....¤¤¤## #
#..¤¤¤¤0# ########
#¤0¤¤¤¤##
#####....... #¤¤¤¤¤¤#
#.....######
#¤¤¤¤¤¤######.#####
#¤¤¤¤¤¤...##..#
###.#.###....########
##..#%.##.>###......#


There were no monsters in sight!

Vanquished Creatures
  A dart slug (D:1)
  2 endoplasms (D:1)
  2 giant cockroaches (D:1)
  3 goblins (D:1)
  2 hobgoblins (D:1)
  3 jackals (D:1)
  3 quokkas (D:1)
  2 bats (D:1)
18 creatures vanquished.

Vanquished Creatures (others)
  A rat (D:1)
1 creature vanquished.

Grand Total: 19 creatures vanquished

Notes
Turn   | Place    | Note
-------+----------+-------------------------------------------
     0 | D:1      | qw the Tengu Warper began the quest for the Orb.
     0 | D:1      | Reached XP level 1. HP: 12/12 MP: 4/4
     0 | D:1      | 0 ||| qw: Version: 0.1-a-89-g26bdef1
     0 | D:1      | 0 ||| qw: Game counter: 2104
     0 | D:1      | 0 ||| qw: Always use a shield: true
     0 | D:1      | 0 ||| qw: God list: Okawaru
     0 | D:1      | 0 ||| qw: Allow faded altars: false
     0 | D:1      | 0 ||| qw: Do Orc after D:15 true
     0 | D:1      | 0 ||| qw: Do second Lair branch before Depths: true
     0 | D:1      | 0 ||| qw: Lair rune preference: random
     0 | D:1      | 0 ||| qw: Plans: Normal
     0 | D:1      | 0 ||| PLANNING D:1-11
   168 | D:1      | Reached XP level 2. HP: 17/17 MP: 6/6
   174 | D:1      | Reached skill level 3 in Axes
   186 | D:1      | 186 ||| Stepping ~*~*~tactically~*~*~ (stealth).
   187 | D:1      | 187 ||| Stepping ~*~*~tactically~*~*~ (stealth).
   353 | D:1      | 353 ||| Stepping ~*~*~tactically~*~*~ (stealth).
   380 | D:1      | 380 ||| Stepping ~*~*~tactically~*~*~ (stealth).
   383 | D:1      | 383 ||| Stepping ~*~*~tactically~*~*~ (stealth).
   525 | D:1      | Reached XP level 3. HP: 21/21 MP: 7/7
   717 | D:1      | 717 ||| READING scroll labelled XIBECI LENYL.
   718 | D:1      | 718 ||| READING 2 scrolls labelled XAWOUPL RING.
   719 | D:1      | 719 ||| READING scroll labelled PYSYMORR TION.
   720 | D:1      | 720 ||| DROPPING scroll of blinking.
   721 | D:1      | 721 ||| Stepping randomly (stuck).
   722 | D:1      | 722 ||| Stepping ~*~*~tactically~*~*~ (cloud).
   722 | D:1      | HP: 5/21 [poisoned by you (poison gas)]
   723 | D:1      | HP: 2/21 [poisoned by you (poison gas)]
   724 | D:1      | Succumbed to their own poison gas

Levels and vault maps discovered:
D:1:      scummos_arrival_simple_fountains, layout_rooms, hex_intersection,
          interstate_on_off, chequers_serial_rivers_micro_e

Skill      XL: |  1  2 |
---------------+-------+-----
Axes           | 3 |  3.8
Fighting       | |  2.0
Throwing       | |  1.0
Armour         | |  1.1
Dodging        | |  2.1
Spellcasting   | |  2.0
Translocations | |  2.4

Action                   || total
-------------------------++-------
Melee: Hand axe          ||    42
       Kick              ||    16
       Peck              ||     6
Throw: Boomerang         ||     7
  Use: Scroll            ||     3
Armor: Leather armour    ||    15
Dodge: Dodged            ||    24

Table legend:
 A = Non-vault XP
 B = Vault XP
 C = Vault XP percentage of total XP
 D = Non-vault monster count
 E = Vault monster count
 F = Vault count percentage of total count
                 A         B        C        D         E       F
            +---------+---------+-------+---------+---------+-------
      Total |      36 |       0 |   0.0 |      18 |       0 |   0.0
            +---------+---------+-------+---------+---------+-------
        D:1 |      36 |       0 |   0.0 |      18 |       0 |   0.0
            +---------+---------+-------+---------+---------+-------
